 Dungeon Crawl Stone Soup version bcrawl-1.27.6 (webtiles) character file.

Game seed: 5884690331389743147

196660 Freyura the Cudgeler (level 6, -1/47 HPs)
             Began as a Demonspawn Gladiator on Sept 10, 2020.
             Killed from afar by Dowan (7 damage)
             ... with a stone arrow
             ... on level 4 of the Dungeon.
             The game lasted 00:06:57 (3052 turns).

Freyura the Cudgeler (Demonspawn Gladiator)         Turns: 3052, Time: 00:06:57

Health: -1/47      AC: 10    Str: 14    XL:     6   Next: 52%
Magic:  6/6        EV: 12    Int: 10    God:
Gold:   188        SH:  0    Dex: 16    Spells: 5/5 levels left

rFire    . . .     SeeInvis .   a - +0 flail
rCold    . . .     Gourm    .   (no shield)
rNeg     . . .     Faith    .   f - +0 ring mail
rPois    .         Spirit   .   c - +0 helmet
rElec    .         Reflect  .   i - +0 cloak
rCorr    .         Harm     .   b - +2 pair of gloves
MR       .....                  (no boots)
Stlth    +.........             (no amulet)
HPRegen  0.15/turn              (no ring)
MPRegen  0.10/turn              (no ring)

@: no status effects
A: rot immunity
a: no special abilities


You were on level 4 of the Dungeon.
You were hungry.

You visited 1 branch of the dungeon, and saw 4 of its levels.

You collected 188 gold pieces.

Inventory:

Hand Weapons
 a - a +0 flail (weapon)
Missiles
 d - 3 throwing nets {=f}
Armour
 b - a +2 pair of gloves (worn)
 c - a +0 helmet (worn)
 f - a +0 ring mail (worn)
 i - a +0 cloak (worn)
Potions
 g - 3 potions of magic
 h - 2 potions of brilliance
 j - a potion of heal wounds
 k - a potion of curing
Comestibles
 e - 3 rations {!d}
 m - 2 chunks of flesh


   Skills:
 + Level 3.5 Fighting
 * Level 4.8 Maces & Flails
 - Level 1.7 Throwing
 + Level 2.3 Armour
 + Level 3.8 Dodging


You had 5 spell levels left.
You didn't know any spells.
Your spell library was empty.

Dungeon Overview and Level Annotations

Branches:
Dungeon (4/12)             Temple (0/1) D:4

Altars:

Annotations:
D:4 Dowan


Innate Abilities, Weirdness & Mutations

You are immune to rotting.


Message History

Duvessa hits you with a cursed -2 short sword.
* * * LOW HITPOINT WARNING * * *
You hit Duvessa but do no damage.
Duvessa is almost dead.
Duvessa barely misses you. Duvessa completely misses you.
You hit Duvessa but do no damage.
Duvessa is almost dead.
Duvessa hits you but does no damage.
Duvessa hits you with a cursed -2 short sword.
* * * LOW HITPOINT WARNING * * *
You hit Duvessa but do no damage.
Duvessa is almost dead.
Duvessa hits you but does no damage.
You hit Duvessa.
You kill Duvessa!
Dowan screams, "No!
Oh no!"
Dowan seems to find hidden reserves of power!
Dowan casts a spell at you. The stone arrow hits you!
You die...

*,,,,,,.#..**,** **,,*#..P.....
,,..,,,,...**,,*** **,*#..#.....
*.#.*,*,*..#**,,,* *,*#..###.##
,....,,,,,..****,*###*,,#........
,.....,,,*#.## *,,..#*#,#...#####
,.....##**#..# ***#.# #.#...#
,.......####.## #.# #..#..#####
,.....#.......#####.# ##.........
,..............e@.#.#####.#..####
,.....<(...##..##.#..##.........#
,.....####.###.##..#....#...(....
,....,* #............##.........
,...,,* ##.####....#.##.........
,..,,,*****..**####....#.........
,e,,,,,,,,,......................
,,,,,,,****##..#######...........
,,,,**** **,* #..#........


You could see Dowan.

Vanquished Creatures
  Duvessa (D:4)
  A centaur skeleton (D:4)
  An orc wizard (D:4)
  2 worker ants (D:4)
  4 gnolls (D:2)
  6 adders
  2 oozes
  An adder zombie (D:4)
  A worm (D:2)
  4 dart slugs
  4 leopard geckos
  An orc (D:3)
  3 giant cockroaches
  4 goblins
  7 hobgoblins
  2 jackals
  10 kobolds
  5 quokkas
  3 ball pythons
  4 bats
  A frilled lizard (D:3)
  8 rats
75 creatures vanquished.

Notes
Turn   | Place    | Note
-------+----------+-------------------------------------------
     0 | D:1      | Freyura the Demonspawn Gladiator began the quest for the
                  | Orb.
     0 | D:1      | Reached XP level 1. HP: 16/16 MP: 1/1
   137 | D:1      | Gained mutation: You are immune to rotting. [demonic
                  | ancestry]
   137 | D:1      | Reached XP level 2. HP: 16/22 MP: 2/2
   200 | D:1      | Reached skill level 3 in Maces & Flails
   926 | D:2      | Reached XP level 3. HP: 28/28 MP: 3/3
  1064 | D:2      | Reached skill level 1 in Armour
  1570 | D:2      | Reached XP level 4. HP: 17/34 MP: 4/4
  2047 | D:3      | Reached XP level 5. HP: 27/40 MP: 5/5
  2257 | D:3      | Reached skill level 4 in Maces & Flails
  2957 | D:4      | Noticed Duvessa
  2987 | D:4      | Reached XP level 6. HP: 22/47 MP: 6/6
  3026 | D:4      | Noticed Dowan
  3052 | D:4      | Killed Duvessa
  3052 | D:4      | Killed from afar by Dowan

Skill      XL: |  1  2  3  4  5 |
---------------+----------------+-----
Maces & Flails | 3 4 |  4.8
Dodging        | 3 |  3.8
Armour         | 1 2 |  2.3
Fighting       | 3 |  3.5
Throwing       | |  1.7

Action                   |  1- 3 |  4- 6 || total
-------------------------+-------+-------++-------
Melee: Flail             |   158 |   199 ||   357
  Use: Scroll            |     2 |     5 ||     7
 Stab: Sleeping          |     1 |       ||     1
  Eat: Chunk             |     6 |    11 ||    17
Armor: Leather armour    |     1 |       ||     1
       Ring mail         |    80 |   111 ||   191
Dodge: Dodged            |   134 |   176 ||   310
